 Dungeon Crawl Stone Soup version 0.23.2-1-ga50397a (webtiles) character file.

Game seed: 7206466510008628419

1445 whitewolfNL the Cudgeler (level 8, -1/71 HPs)
             Began as a Minotaur Berserker on May 17, 2019.
             Was a Priest of Trog.
             Killed by divine providence
             ... invoked by an orc priest
              (14 damage)
             ... on level 6 of the Dungeon on May 21, 2019.
             The game lasted 00:17:33 (4434 turns).

whitewolfNL the Cudgeler (Minotaur Berserker)       Turns: 4434, Time: 00:17:34

Health: -1/71      AC: 13    Str: 24    XL:     8   Next: 46%
Magic:  7/7        EV:  9    Int:  4    God:    Trog [***...]
Gold:   288        SH:  4    Dex: 12    Spells: 7/7 levels left

rFire    . . .     SeeInvis +   a - +0 mace
rCold    + . .     Gourm    .   G - +0 buckler
rNeg     . . .     Faith    .   z - +0 plate armour "Qiwud" {rC+ Str+2 Stlth+} (curse)
rPois    .         Spirit   .   (helmet restricted)
rElec    .         Reflect  .   (no cloak)
rCorr    +         Harm     .   C - +0 pair of gloves
MR       .....                  (no boots)
Stlth    ..........             (no amulet)
HPRegen  0.21/turn              v - ring of resist corrosion
MPRegen  0.10/turn              H - ring of see invisible

@: berserk cooldown, slowed, very slow
A: retaliatory headbutt, horns 2
a: Berserk, Trog's Hand, Renounce Religion


You were on level 6 of the Dungeon.
You worshipped Trog.
Trog was most pleased with you.
You were hungry.

You visited 1 branch of the dungeon, and saw 6 of its levels.

You collected 288 gold pieces.

Inventory:

Hand Weapons
 a - a +0 mace (weapon)
 s - a +0 blowgun
 y - a +1 hunting sling of freezing
Missiles
 e - 91 arrows
 g - 42 sling bullets
 h - 90 stones (quivered)
 t - 26 poisoned needles
 u - 14 bolts
Armour
 z - the cursed +0 plate armour "Qiwud" (worn) {rC+ Str+2 Stlth+}
   (You found it on level 4 of the Dungeon)

   It affects your strength (+2).
   It protects you from cold.
   It makes you more stealthy.
   It has a curse placed upon it.
 C - a +0 pair of gloves (worn)
 G - a +0 buckler (worn)
Jewellery
 v - a ring of resist corrosion (left hand)
 H - a ring of see invisible (right hand)
Scrolls
 b - 3 scrolls of immolation {unknown}
 d - a scroll of noise {unknown}
 k - 3 scrolls of remove curse {unknown}
 l - 10 scrolls of identify {unknown}
 n - 6 scrolls of fear {unknown}
 o - 4 scrolls of teleportation {unknown}
 q - 3 scrolls of magic mapping {unknown}
 x - a scroll of blinking {unknown}
 B - a scroll of enchant armour {unknown}
Potions
 f - a potion of lignification {unknown}
 i - a potion of invisibility {unknown}
 j - 3 potions of curing {unknown}
 m - a potion of mutation {unknown}
 p - a potion of ambrosia {unknown}
 r - a potion of berserk rage {unknown}
 w - a potion of resistance {unknown}
 A - a potion of heal wounds {unknown}
 D - 3 potions of might {unknown}
 F - a potion of degeneration {unknown}
 I - a potion of brilliance {unknown}
Comestibles
 c - 9 rations
 E - 5 chunks of flesh


   Skills:
 * Level 6.8 Fighting
 * Level 6.9 Maces & Flails
 - Level 0.2(2.6) Slings
 - Level 3.9(4.0) Throwing
 + Level 4.7 Armour
 * Level 5.7 Dodging
 - Level 1.0 Stealth
 * Level 2.8 Shields


You had 7 spell levels left.
You didn't know any spells.
Your spell library was empty.

Dungeon Overview and Level Annotations

Branches:
Dungeon (6/15)             Temple (0/1) D:5

Altars:
Ashenzari
Fedhas
Gozag
Ru
Vehumet


Innate Abilities, Weirdness & Mutations

You reflexively headbutt those who attack you in melee.
You have a pair of horns on your head.


Message History

Beogh smites you!
You hit the orc priest but do no damage.
You headbutt the orc priest!
The orc priest is severely wounded.
The orc priest looks satisfied for a moment.
You block the orc priest's attack.
The orc priest hits you with a +0 flail!
You hit the orc priest. Your headbutt misses the orc priest.
The orc priest is severely wounded.
The orc priest completely misses you.
The orc priest calls down the wrath of Beogh upon you.
Pain shoots through your body!
* * * LOW HITPOINT WARNING * * *
The orc priest calls upon Beogh to heal the orc priest.
The orc priest is healed somewhat.
You hit the orc priest.
The orc priest is almost dead.
The orc priest calls down the wrath of Beogh upon you.
Beogh smites you!
You die...

##..........##
#............#
#............#
#............#
#....†.....# #....?# ♣
##.#.o.# ♣ ♣♣♣
####..#.#o# ..
....#....#..#@####
.......#.#<.........##
..#.#................##
#...#.##......).......#
##..#.##..............#
#.....##..............#
#....#................#
..$...................#
.....####............##


You could see 2 orc priests.

Vanquished Creatures
  An ice beast (D:6)
  A sky beast (D:6)
  3 ogres
  3 phantoms
  A centaur (D:5)
  2 bullfrogs (D:6)
  A scorpion (D:4)
  A water moccasin skeleton (D:5)
  A howler monkey (D:5)
  2 crimson imps
  2 orc wizards (D:3)
  2 hounds
  An iguana (D:4)
  2 worker ants
  5 adders
  2 shadow imps
  An adder zombie (D:6)
  A worm (D:2)
  3 dart slugs (D:2)
  6 leopard geckos
  6 orcs
  2 ball pythons
  5 giant cockroaches
  5 goblins
  13 hobgoblins
  2 jackals (D:6)
  4 quokkas
  9 bats
  3 frilled lizards
  6 kobolds
  11 rats
107 creatures vanquished.

Notes
Turn   | Place    | Note
-------+----------+-------------------------------------------
     0 | D:1      | whitewolfNL the Minotaur Berserker began the quest for the
                  | Orb.
     0 | D:1      | Reached XP level 1. HP: 19/19 MP: 0/0
   147 | D:1      | Reached XP level 2. HP: 18/27 MP: 1/1
   282 | D:1      | Reached skill level 1 in Throwing
   705 | D:2      | Reached XP level 3. HP: 31/33 MP: 2/2
   749 | D:2      | Reached skill level 1 in Stealth
   781 | D:2      | Reached ** piety under Trog
   897 | D:2      | Found a shattered altar of Ashenzari.
  1036 | D:2      | Reached XP level 4. HP: 32/40 MP: 3/3
  1852 | D:3      | Reached XP level 5. HP: 14/47 MP: 4/4
  2257 | D:3      | Found an opulent altar of Gozag.
  2257 | D:3      | Found a blossoming altar of Fedhas.
  2286 | D:3      | Found a radiant altar of Vehumet.
  2287 | D:3      | Found a sacrificial altar of Ru.
  2619 | D:4      | Noticed an ogre
  2624 | D:4      | Killed an ogre
  2624 | D:4      | Reached *** piety under Trog
  2628 | D:4      | Reached skill level 5 in Maces & Flails
  2628 | D:4      | Reached XP level 6. HP: 55/55 MP: 5/5
  2716 | D:4      | Reached skill level 5 in Fighting
  2893 | D:4      | Got a translucent plate armour
  2910 | D:4      | Identified the cursed +0 plate armour "Qiwud" {rC+ Str+2
                  | Stlth+} (You found it on level 4 of the Dungeon)
  3353 | D:5      | Entered Level 5 of the Dungeon
  3462 | D:5      | Reached XP level 7. HP: 46/61 MP: 6/6
  3707 | D:5      | Found a staircase to the Ecumenical Temple.
  4205 | D:6      | Reached skill level 5 in Dodging
  4205 | D:6      | Reached XP level 8. HP: 70/70 MP: 7/7
  4206 | D:6      | Reached skill level 1 in Shields
  4434 | D:6      | Killed from afar by an orc priest

Skill      XL: |  1  2  3  4  5  6  7  8 |
---------------+-------------------------+-----
Throwing       | 1 2 3 |  3.9
Stealth        | 1 |  1.0
Maces & Flails | 4 5 6 |  6.9
Fighting       | 4 5 6 |  6.8
Armour         | 3 4 |  4.7
Dodging        | 3 4 5 |  5.7
Shields        | 2 |  2.8
Slings         | |  0.2

Action                   |  1- 3 |  4- 6 |  7- 9 || total
-------------------------+-------+-------+-------++-------
Melee: Mace              |    87 |   128 |   102 ||   317
       Headbutt          |     8 |    21 |    23 ||    52
Invok: Berserk           |     1 |     2 |     3 ||     6
  Eat: Chunk             |     2 |     6 |     5 ||    13
       Ration            |       |     1 |       ||     1
Armor: Animal skin       |    10 |       |       ||    10
       Ring mail         |    26 |    17 |       ||    43
       Chain mail        |       |    11 |       ||    11
       Plate armour      |       |    34 |    59 ||    93
Dodge: Dodged            |    64 |    56 |    40 ||   160
Block: Buckler           |       |       |    12 ||    12
